 Dungeon Crawl Stone Soup version 0.30-a0-1008-g30c9307041 (webtiles) character file.

Game seed: 2323671905003282273

49 Demosthentine the Poker (level 3, -2/28 HPs)
             Began as a Demonspawn Gladiator on Apr 6, 2023.
             Killed from afar by Ijyb (10 damage)
             ... with a bolt of dispelling energy
             ... on level 3 of the Dungeon.
             The game lasted 00:02:01 (1582 turns).

Demosthentine the Poker (Demonspawn Gladiator)      Turns: 1582, Time: 00:02:02

Health: -2/28      AC:  6    Str: 16    XL:     3   Next: 51%
Magic:  3/3        EV: 12    Int:  9    God:
Gold:   27         SH:  0    Dex: 14    Spells: 2/2 levels left

rFire   . . .      SeeInvis +    a - +0 trident
rCold   . . .      Faith    .    (no shield)
rNeg    . . .      Spirit   .    b - +0 leather armour
rPois   .          Reflect  .    n - +2 helmet {SInv}
rElec   .          Rampage  .    (no cloak)
rCorr   .                        (no gloves)
Will    .....                    (no boots)
Stlth   +                        (no amulet)
HPRegen 0.24/turn                (no ring)
MPRegen 0.08/turn                (no ring)

@: no status effects
A: spiny 1
a: no special abilities


You were on level 3 of the Dungeon.
You visited 1 branch of the dungeon, and saw 3 of its levels.

You collected 63 gold pieces.
You spent 36 gold pieces at shops.

Inventory:

Hand Weapons
 a - a +0 trident (weapon)
Missiles
 d - 3 throwing nets (quivered)
 e - a javelin
Armour
 b - a +0 leather armour (worn)
 n - a +2 helmet of see invisible (worn)
Jewellery
 j - an amulet of guardian spirit
Scrolls
 h - a scroll of identify
Potions
 f - a potion of attraction
 g - a potion of lignification


   Skills:
 + Level 2.6 Fighting
 + Level 3.1 Polearms
 - Level 1.7 Throwing
 + Level 1.2 Armour
 + Level 3.1 Dodging


You had 2 spell levels left.
You didn't know any spells.
Your spell library contained the following spells:

 Spells                   Type           Power      Damage    Failure   Level
 Cigotuvi's Dreadful Rot  Necr/Pois/Air  0%         N/A       58%         2
 Ignite Poison            Fire/Tmut/Pois 0%         N/A       83%         3
 Freezing Cloud           Conj/Ice/Air   0%         6-21      100%        5


Dungeon Overview and Level Annotations

Branches:
Dungeon (3/15)

Altars:

Shops:
D:2 *   D:3 ?

Annotations:
D:3 Ijyb


Innate Abilities, Weirdness & Mutations

You are partially covered in sharp spines.


Message History

Ijyb shouts!
Ijyb is nearby!
A worm comes into view.
Found Fuhyog's Magic Scroll Shop.
Ijyb zaps a wand.
The bolt of dispelling energy misses you.
Found a stone staircase leading down.
A ball python comes into view.
There are monsters nearby!
There are monsters nearby!
You closely miss Ijyb.
The ball python hisses angrily.
Ijyb hits you with a +0 club.
A rat comes into view.
Ijyb attacks as you move away! Ijyb hits you but does no damage.
Ijyb zaps a wand.
The bolt of dispelling energy hits you!
Ijyb screams, "You nasty!
Big nasty!"
Ijyb zaps a wand.
The bolt of dispelling energy hits you!
Ouch! That really hurt!
* * * LOW HITPOINT WARNING * * *
You feel better.
Ijyb zaps a wand.
The bolt of dispelling energy hits you!
* * * LOW HITPOINT WARNING * * *
Unknown command.
You feel better.
Unknown command.
Ijyb hits you but does no damage.
Unknown command.
Really quaff the potion of lignification?
You turn into a tree.
Your +2 helmet of see invisible melds into your body.
Your +0 leather armour melds into your body.
You feel less perceptive.
Your roots penetrate the ground.
Ijyb zaps a wand.
The bolt of dispelling energy hits you.
Your magical effects are unravelling.
* * * LOW HITPOINT WARNING * * *
You hit Ijyb but do no damage.
You feel less wooden.
Your +2 helmet of see invisible unmelds from your body.
Your +0 leather armour unmelds from your body.
You feel perceptive.
Ijyb zaps a wand.
The bolt of dispelling energy hits you!
You die...

.. ....# .....# ####
∩....#####...##
^......#.....##
#w...........#
#..#.........
.##########w##........
........@gSr....<...>.
###########.##........
#.##.......#
#########.##.......#
#.........[.........
###...........).....#.
.............##.##..#
#........### ....##
#...†....# ...


You could see Ijyb, a worm, a ball python and a rat.

Vanquished Creatures
  An adder (D:2)
  A dart slug (D:1)
  2 endoplasms (D:2)
  4 giant cockroaches
  7 hobgoblins
  2 quokkas
  2 ball pythons
  6 bats
  A frilled lizard (D:2)
  4 goblins
  5 kobolds (D:1)
  2 rats
37 creatures vanquished.

Notes
Turn   | Place    | Note
-------+----------+-------------------------------------------
     0 | D:1      | Demosthentine the Demonspawn Gladiator began the quest for
                  | the Orb.
     0 | D:1      | Reached XP level 1. HP: 16/16 MP: 1/1
   205 | D:1      | Gained mutation: You are partially covered in sharp spines.
                  | [demonic ancestry]
   205 | D:1      | Reached XP level 2. HP: 10/22 MP: 2/2
   922 | D:2      | Found Vaeraiwuy's General Store.
   928 | D:2      | Bought a potion of curing for 36 gold pieces
  1001 | D:2      | Reached skill level 1 in Armour
  1031 | D:2      | Reached XP level 3. HP: 28/28 MP: 3/3
  1054 | D:2      | Identified the +3 hand axe of Righteous Fury {antimagic,
                  | *Rage rPois rN+ Int+4}
  1566 | D:3      | Noticed Ijyb
  1567 | D:3      | Found Fuhyog's Magic Scroll Shop.
  1578 | D:3      | HP: 1/28 [Ijyb/bolt of dispelling energy (12)]
  1582 | D:3      | Killed from afar by Ijyb

Illustrated notes

Levels and vault maps discovered:
D:1:      reono_arrival_mine, layout_loops_corners, minmay_misc_feat_columns
D:2:      layout_basic, serial_shops, shop
D:3:      layout_rooms, nicolae_overflow_squiral,
          shapermc_ecumenical_altar_starsandcircs, serial_shops, shop,
          minmay_tree_intersection, uniq_ijyb

Skill      XL: |  1  2 |
---------------+-------+-----
Polearms       | 3 |  3.1
Dodging        | 3 |  3.1
Armour         | 1 |  1.2
Fighting       | |  2.6
Throwing       | |  1.7

Action                     || total
---------------------------++-------
  Melee: Trident           ||    86
         Punch             ||     1
    Use: Scroll            ||     5
         Potion            ||     3
   Stab: Sleeping          ||     1
 Armour: Leather armour    ||    12
  Dodge: Dodged            ||    32

Table legend: (Time is in decaauts)
 A = Elapsed time spent in this place.
 B = Non-inter-level travel time spent in this place.
 C = Inter-level travel time spent in this place.
 D = Time resting spent in this place.
 E = Time spent auto-exploring this place.
 F = Levels seen in this place.
 G = Mean time per level.
                   A        B        C        D        E       F      G
               +--------+--------+--------+--------+--------+-----+--------+
         Total |   1594 |   1511 |     83 |      0 |   1263 |   3 |  531.3 |
       Dungeon |   1594 |   1511 |     83 |      0 |   1263 |   3 |  531.3 |
               +--------+--------+--------+--------+--------+-----+--------+

Top non-repeatable levels by time:
     D:1: 878 daAuts
     D:2: 645 daAuts
     D:3: 70 daAuts
